 Dungeon Crawl Stone Soup version 0.29-a0-844-ge8845773e3 (webtiles) character file.

Game seed: 17819465099959545720

13121 Locuples the Severer (level 11, -8/101 HPs)
             Began as a Minotaur Fighter on July 15, 2022.
             Was an Elder of the Shining One.
             Killed from afar by an electric eel (11 damage)
             ... with a bolt of electricity
             ... on level 11 of the Dungeon.
             The game lasted 00:24:05 (11137 turns).

Locuples the Severer (Minotaur Fighter)            Turns: 11137, Time: 00:24:05

Health: -8/101     AC: 13    Str: 23    XL:     11   Next: 71%
Magic:  10/10      EV: 23    Int: 13    God:    the Shining One [****..]
Gold:   176        SH:  9    Dex:  8    Spells: 10/10 levels left

rFire   . . .      SeeInvis .   G - +10 broad axe "Teoq" {vorpal, Int+4}
rCold   + . .      Faith    .   M - +0 kite shield
rNeg    + + +      Spirit   .   I - +1 scale mail {Will+}
rPois   .          Reflect  .   c - +1 hat {Stlth+}
rElec   .          Harm     .   B - +0 cloak {rCorr}
rCorr   +          Rampage  .   O - +0 pair of gloves
Will    +....      Rage     3%  (no boots)
Stlth   +.........              z - amulet of the acrobat
HPRegen 0.26/turn               s - ring of protection from cold
MPRegen 0.12/turn               e - ring of positive energy

@: on berserk cooldown, acrobatic, slowed, glowing, very slow
A: horns 2, retaliatory headbutt, claws 1, berserk 1, clever 1, clumsy 1
a: Renounce Religion, Divine Shield, Cleansing Flame


You were on level 11 of the Dungeon.
You worshipped the Shining One.
The Shining One was greatly pleased with you.
You visited 1 branch of the dungeon, and saw 11 of its levels.

You collected 468 gold pieces.
You spent 292 gold pieces at shops.

Inventory:

Hand Weapons
 G - the +10 broad axe "Teoq" (weapon) {vorpal, Int+4}
   (You found it on level 7 of the Dungeon)

   It inflicts extra damage upon your enemies.
   Int:       It affects your intelligence (+4).
Armour
 c - a +1 hat of stealth (worn)
 B - a +0 cloak of preservation (worn)
 I - a +1 scale mail of willpower (worn)
 M - a +0 kite shield (worn)
 O - a +0 pair of gloves (worn)
Jewellery
 e - a ring of positive energy (right hand)
 h - a ring of fire
 s - a ring of protection from cold (left hand)
 y - a ring of flight
 z - an amulet of the acrobat (around neck)
 C - a +6 ring of intelligence
 D - an amulet of regeneration
 J - a +4 ring of evasion
Wands
 b - a wand of mindburst (10)
 t - a wand of polymorph (18)
 F - a wand of roots (29)
Scrolls
 a - 2 scrolls of fear {unknown}
 f - a scroll of noise {unknown}
 i - 2 scrolls of amnesia {unknown}
 j - 2 scrolls of acquirement {unknown}
 n - 2 scrolls of blinking {unknown}
 q - 3 scrolls of fog
 r - 6 scrolls of teleportation
 u - a scroll of brand weapon {unknown}
 v - 3 scrolls of poison {unknown}
 w - a scroll of silence {unknown}
 A - 2 scrolls of enchant weapon
 E - 3 scrolls of enchant armour
 H - a scroll of summoning {unknown}
 K - 2 scrolls of magic mapping
 N - 2 scrolls of vulnerability {unknown}
Potions
 d - 5 potions of might
 g - 3 potions of lignification
 k - 3 potions of curing
 l - 3 potions of haste
 o - 3 potions of resistance
 p - 4 potions of magic
 x - a potion of flight


   Skills:
 + Level 10.6 Fighting
 + Level 16.4 Axes
 + Level 10.4 Armour
 + Level 7.7 Shields


You had 10 spell levels left.
You didn't know any spells.
Your spell library contained the following spells:

 Spells                   Type           Power      Damage    Failure   Level
 Apportation              Tloc           0%         N/A       86%         1
 Necrotise                Necr           0%         1d4       86%         1
 Summon Small Mammal      Summ           0%         N/A       86%         1
 Ensorcelled Hibernation  Hex/Ice        0%         N/A       94%         2
 Passwall                 Tmut/Erth      0%         N/A       94%         2
 Poisonous Vapours        Pois/Air       0%         N/A       94%         2
 Static Discharge         Conj/Air       0%         3-3/arc   94%         2
 Dazzling Flash           Conj/Hex       0%         N/A       99%         3
 Swiftness                Air            0%         N/A       99%         3
 Corpse Rot               Necr/Pois/Air  0%         N/A       100%        4
 Dispel Undead            Necr           0%         3d6       100%        4
 Sticky Flame             Conj/Fire      0%         2d3       100%        4
 Agony                    Necr           0%         N/A       100%        5
 Silence                  Hex/Air        0%         N/A       100%        5


Dungeon Overview and Level Annotations

Branches:
Dungeon (11/15)            Temple (0/1) D:4            Lair (0/6) D:11
    Orc (0/2) D:11

Altars:
Cheibriados
Fedhas
Hepliaklqana
Makhleb
Xom
Yredelemnul
Zin
The Shining One

Shops:
D:5 *   D:7 ?   D:11 *!


Innate Abilities, Weirdness & Mutations

You have a pair of horns on your head.
You reflexively headbutt those who attack you in melee.
You have sharp fingernails.
You sometimes lose your temper in combat.
Your mind is acute. (Int +4, Str/Dex -1)
You are clumsy. (Dex -2)


Message History

The kobold brigand hits you but does no damage.
The electric eel shoots out a bolt of lightning at you!
The bolt of electricity hits you! You block the kobold brigand's attack.
Why would you want to do that?
The electric eel shoots out a bolt of lightning at you!
The bolt of electricity hits you.
The kobold brigand completely misses you.
You furiously retaliate!
You headbutt the kobold brigand. You block the kobold brigand's attack.
The kobold brigand attacks as you move away!
The kobold brigand closely misses you.
The electric eel shoots out a bolt of lightning at you!
The bolt of electricity misses you.
The electric eel shoots out a bolt of lightning at you!
The bolt of electricity misses you.
The electric eel shoots out a bolt of lightning at you!
The bolt of electricity hits the electric eel.
The electric eel completely resists.
The bolt of electricity hits you. The kobold brigand closely misses you.
The electric eel shoots out a bolt of lightning at you!
The bolt of electricity hits the electric eel.
The electric eel completely resists.
The bolt of electricity hits you.
The electric eel shoots out a bolt of lightning at you!
The bolt of electricity hits you!
* * * LOW HITPOINT WARNING * * *
Your unstable footing causes you to fumble your attack.
The kobold brigand hits you with a +0 dagger.
* * * LOW HITPOINT WARNING * * *
The electric eel shoots out a bolt of lightning at you!
The bolt of electricity hits you!
* * * LOW HITPOINT WARNING * * *
The electric eel shoots out a bolt of lightning at you!
The bolt of electricity misses the electric eel.
The bolt of electricity hits you.
* * * LOW HITPOINT WARNING * * *
The kobold brigand hits you with a +0 dagger.
* * * LOW HITPOINT WARNING * * *
The electric eel shoots out a bolt of lightning at you!
The bolt of electricity hits you!
You die...

#....####...# #.##.##.
#.##....# #...# #.##..#.
#.#≈....# ##.## #.###.#.
#.≈≈....# #.# #.# #.#.
#.≈≈≈..... #.## #.###...
#≈.≈≈≈..≈###.#..#
#.......
#≈≈.≈≈≈..≈≈##.#..#
######.#
≈≈S.≈≈≈.....#.#..#
#####..
≈≈S.≈≈≈S≈≈@.≈<...#
#...##. ≈.≈≈≈≈≈≈K.#....#
#......
≈.≈≈≈≈≈≈†......####....##
≈.≈≈≈≈≈≈#..............##
#.≈≈≈≈≈##......#.........
#.≈≈≈≈# #......#.#.###.##
#.#≈≈# #.(....#.#.# #.##
#.### ###).....#|#.# #.##
#.))....)..#.###.#.


You could see a kobold brigand and an electric eel.

Vanquished Creatures
  Gastronok (D:10)
  A two-headed ogre (D:11)
  Nergalle (D:10)
  An ugly thing (D:11)
  2 cyclopes (D:11)
  Joseph (D:9)
  A komodo dragon (D:11)
  3 trolls
  A hornet (D:11)
  2 dream sheep (D:7)
  A wraith (D:9)
  A shadow (D:11)
  7 yaks
  A vampire (D:11)
  3 vampire mosquitoes (D:10)
  An acid dragon (D:9)
  3 water moccasins (D:11)
  8 orc warriors
  A sky beast (D:8)
  5 black bears
  5 centaurs
  5 ogres
  A phantom (D:6)
  4 kobold brigands
  A necrophage (D:5)
  6 gnoll sergeants
  5 bullfrogs
  2 scorpions
  3 wights (D:10)
  11 killer bees (D:9)
  4 howler monkeys
  3 electric eels (D:11)
  5 orc priests
  4 jellies
  4 gnoll boudas
  5 iguanas
  17 orc wizards
  31 gnolls
  6 adders
  A shadow imp (D:5)
  A white imp (D:8)
  An ufetubus (D:7)
  3 dart slugs (D:1)
  54 orcs
  5 ball pythons
  18 endoplasms
  2 giant cockroaches
  12 hobgoblins
  10 jackals
  5 quokkas
  6 bats
  4 frilled lizards
  8 goblins
  26 kobolds
  7 rats
330 creatures vanquished.

Vanquished Creatures (others)
  A scorpion (D:7)
  55 fungi
  54 plants
  6 toadstools (D:2)
116 creatures vanquished.

Grand Total: 446 creatures vanquished

Notes
Turn   | Place    | Note
-------+----------+-------------------------------------------
     0 | D:1      | Locuples the Minotaur Fighter began the quest for the Orb.
     0 | D:1      | Reached XP level 1. HP: 19/19 MP: 0/0
    12 | D:1      | You fall into a shaft and drop 1 floor!
   179 | D:2      | Reached XP level 2. HP: 27/27 MP: 1/1
   410 | D:1      | Reached skill level 3 in Axes
   541 | D:1      | Reached XP level 3. HP: 33/33 MP: 2/2
   839 | D:1      | Found a faded altar of an unknown god.
  1065 | D:2      | Found a glowing golden altar of the Shining One.
  1076 | D:2      | Became a worshipper of the Shining One
  1387 | D:2      | Reached XP level 4. HP: 31/40 MP: 3/3
  1389 | D:2      | Reached skill level 4 in Axes
  1394 | D:2      | Reached XP level 5. HP: 18/47 MP: 4/4
  1849 | D:2      | Identified the +1 robe of Servitude {rN+ Int+3}
  2220 | D:3      | Reached skill level 5 in Armour
  2339 | D:3      | Reached skill level 5 in Axes
  2831 | D:4      | Reached * piety under the Shining One
  2840 | D:4      | Reached XP level 6. HP: 47/53 MP: 5/5
  2949 | D:4      | Found a staircase to the Ecumenical Temple.
  2967 | D:4      | Reached skill level 5 in Fighting
  2967 | D:4      | Reached skill level 6 in Axes
  3273 | D:4      | Reached XP level 7. HP: 45/61 MP: 6/6
  3580 | D:5      | Entered Level 5 of the Dungeon
  3604 | D:5      | Found Unoar's Gadget Gallery.
  3616 | D:5      | Reached skill level 7 in Axes
  3969 | D:5      | Reached skill level 8 in Axes
  4249 | D:5      | Found a hazy altar of Hepliaklqana.
  4369 | D:5      | Reached XP level 8. HP: 45/70 MP: 7/7
  4674 | D:6      | Reached skill level 5 in Shields
  5049 | D:6      | Found a snail-covered altar of Cheibriados.
  5073 | D:6      | Reached skill level 9 in Axes
  5141 | D:6      | Reached ** piety under the Shining One
  5503 | D:7      | Identified the +10 broad axe "Teoq" {vorpal, Int+4}
  5598 | D:7      | Reached skill level 10 in Axes
  5703 | D:7      | Found a shimmering altar of Xom.
  5744 | D:7      | Found a blossoming altar of Fedhas.
  5745 | D:7      | Found a basalt altar of Yredelemnul.
  5750 | D:7      | Found a glowing silver altar of Zin.
  5860 | D:7      | Reached XP level 9. HP: 68/79 MP: 8/8
  6293 | D:7      | Found Xasuux's Magic Scroll Shoppe.
  6381 | D:8      | Reached skill level 11 in Axes
  6744 | D:8      | Reached skill level 12 in Axes
  6865 | D:8      | Found a burning altar of Makhleb.
  7062 | D:8      | Found a flagged portal.
  7221 | D:7      | Bought a scroll of magic mapping for 105 gold pieces
  7221 | D:7      | Bought a scroll of enchant weapon for 105 gold pieces
  7239 | D:9      | Noticed Joseph
  7336 | D:9      | Reached XP level 10. HP: 68/89 MP: 9/9
  7493 | D:9      | Reached *** piety under the Shining One
  7499 | D:9      | Reached skill level 13 in Axes
  7603 | D:9      | Killed Joseph
  8056 | D:9      | Gained mutation: You are agile. (Dex +4, Str/Int -1)
                  | [potion of mutation]
  8056 | D:9      | Gained mutation: You sometimes lose your temper in combat.
                  | [potion of mutation]
  8056 | D:9      | Gained mutation: Your muscles are strong. (Str +4, Int/Dex
                  | -1) [potion of mutation]
  8057 | D:9      | Lost mutation: You are agile. (Dex +4, Str/Int -1) [potion
                  | of mutation]
  8057 | D:9      | Lost mutation: Your muscles are strong. (Str +4, Int/Dex
                  | -1) [potion of mutation]
  8057 | D:9      | Gained mutation: You are clumsy. (Dex -2) [potion of
                  | mutation]
  8057 | D:9      | Gained mutation: You have sharp fingernails. [potion of
                  | mutation]
  8057 | D:9      | Gained mutation: Your mind is acute. (Int +4, Str/Dex -1)
                  | [potion of mutation]
  8083 | D:10     | Entered Level 10 of the Dungeon
  8199 | D:10     | Reached skill level 14 in Axes
  8428 | D:10     | Identified the +6 quarterstaff of Ociadeim {flame, rElec}
  8472 | D:10     | Noticed Nergalle
  8481 | D:10     | Killed Nergalle
  8573 | D:10     | Noticed Gastronok
  8583 | D:10     | Killed Gastronok
  8584 | D:10     | Reached skill level 15 in Axes
  8584 | D:10     | Reached XP level 11. HP: 68/97 MP: 10/10
  9477 | D:11     | Found Leoxy's General Store.
  9490 | D:11     | Bought a scroll of enchant armour for 82 gold pieces
  9553 | D:11     | Noticed a purple ugly thing
  9563 | D:11     | Killed a purple ugly thing
  9564 | D:11     | Reached skill level 10 in Fighting
  9632 | D:11     | Reached skill level 10 in Armour
  9636 | D:11     | Found a staircase to the Lair.
  9870 | D:11     | Noticed a two-headed ogre
  9876 | D:11     | Killed a two-headed ogre
 10162 | D:11     | Found Relamodi's Distillery.
 10218 | D:11     | Reached skill level 16 in Axes
 10305 | D:11     | Reached **** piety under the Shining One
 10509 | D:11     | Found a staircase to the Orcish Mines.
 11136 | D:11     | HP: 5/101 [electric eel/bolt of electricity (6)]
 11137 | D:11     | Killed from afar by an electric eel

Illustrated notes

Levels and vault maps discovered:
D:1:      sevenhm_arrival_forest_fort_small_5, layout_rooms,
          dreamdust_ecumenical_altar_hidden_monk_grotto, minmay_small_reverse_x
D:2:      cheibrodos_fertilizer, layout_basic, basic_altar,
          kennysheep_another_room
D:3:      layout_basic, hangedman_decor_peaks_small, grunt_ministairs_9
D:4:      layout_cave_pools, minmay_temple_entry_crystal_x, grunt_ministairs_10
D:5:      layout_cave_pods, mainiacjoe_overflow_alcove_4, nicolae_shop_gadgets
D:6:      layout_loops_ring, mainiacjoe_overflow_cross_hatched
D:7:      layout_rooms, grunt_temple_overflow_open, serial_shops,
          nicolae_take_the_stairs, dreamdust_gnoll_shepherd
D:8:      layout_rooms, mainiacjoe_overflow_surrounded_room, enter_bailey_2,
          nicolae_figureground_sparkle
D:9:      layout_cave_pools, uniq_joseph
D:10:     layout_irregular_city, minivault_25, minmay_misc_feat_cross,
          uniq_gastronok, uniq_nergalle
D:11:     layout_basic, due_lair_maze_entry_diamond,
          kennysheep_orc_monster_closet_entryway, serial_shops,
          nicolae_shop_waterfront, nicolae_shop_statue_plus,
          portal_ice_cave_entry_pillars_1

Skill      XL: |  1  2  3  4  5  6  7  8  9 10 11 |
---------------+----------------------------------+-----
Armour         | 4 5 6 7 8 9 10 | 10.4
Fighting       | 4 5 7 8 9 10 | 10.6
Axes           | 3 4 5 6 8 10 12 15 16 | 16.4
Shields        | 4 5 6 7 |  7.7

Action                   |  1- 3 |  4- 6 |  7- 9 | 10-12 || total
-------------------------+-------+-------+-------+-------++-------
Melee: War axe           |    66 |    84 |   105 |       ||   255
       Headbutt          |     7 |    14 |    42 |    37 ||   100
       Broad axe         |       |       |    89 |   166 ||   255
  Use: Scroll            |       |     6 |     2 |     5 ||    13
       Potion            |       |       |     4 |     9 ||    13
Armor: Scale mail        |    60 |    42 |    72 |    70 ||   244
Dodge: Dodged            |    63 |    45 |   139 |   104 ||   351
Block: Buckler           |    21 |    17 |    49 |       ||    87
       Kite shield       |       |       |     8 |    89 ||    97

Table legend: (Time is in decaauts)
 A = Elapsed time spent in this place.
 B = Non-inter-level travel time spent in this place.
 C = Inter-level travel time spent in this place.
 D = Time resting spent in this place.
 E = Time spent auto-exploring this place.
 F = Levels seen in this place.
 G = Mean time per level.
                   A        B        C        D        E       F      G
               +--------+--------+--------+--------+--------+-----+--------+
         Total |  11259 |  11259 |      0 |   1357 |   7649 |  11 | 1023.5 |
       Dungeon |  11259 |  11259 |      0 |   1357 |   7649 |  11 | 1023.5 |
               +--------+--------+--------+--------+--------+-----+--------+

Top non-repeatable levels by time:
    D:11: 2297 daAuts
     D:2: 1507 daAuts
     D:5: 984 daAuts
     D:6: 944 daAuts
     D:7: 894 daAuts
     D:8: 881 daAuts
    D:10: 817 daAuts
     D:9: 807 daAuts
     D:4: 794 daAuts
     D:1: 737 daAuts
     D:3: 592 daAuts
